 Dungeon Crawl Stone Soup version 0.18-a0-1805-g8ab820f (webtiles) character file.

1330 wvc the Cruncher (level 8, 0/56 HPs)
             Began as a Mummy Gladiator on Apr 26, 2016.
             Was a Follower of Okawaru.
             Slain by a giant frog (4 damage)
             ... on level 7 of the Dungeon.
             The game lasted 00:10:41 (6282 turns).

wvc the Cruncher (Mummy Gladiator)                  Turns: 6282, Time: 00:10:42

Health: 0/56       AC:  7    Str: 19    XL:     8   Next: 34%
Magic:  17/17      EV: 11    Int:  7    God:    Okawaru [*.....]
Gold:   226        SH:  0    Dex: 14    Spells: 0 memorised, 7 levels left

rFire  x . .     SeeInvis .     a - +0 quarterstaff
rCold  + . .     Gourm    .     n - +0 ring mail
rNeg   + + +     Faith    .     (shield currently unavailable)
rPois  ∞         Spirit   .     c - +1 helmet
rElec  .         Dismiss  .     (no cloak)
rCorr  .         Reflect  .     (no gloves)
SustAt .         Harm     .     (no boots)
MR     +....                    (no amulet)
Stlth  +.........               (no ring)
                                b - ring of magical power

@: somewhat resistant to hostile enchantments, very unstealthy
A: no food or potions, fire vulnerability, cold resistance 1, negative energy
resistance 3, torment resistance, unbreathing
a: Heroism, Renounce Religion


You were on level 7 of the Dungeon.
You worshipped Okawaru.
Okawaru was aware of your devotion.
You were not hungry.

You visited 2 branches of the dungeon, and saw 8 of its levels.

You collected 226 gold pieces.

Inventory:

Hand Weapons
 a - a +0 quarterstaff (weapon)
Missiles
 d - 2 throwing nets (quivered)
Armour
 c - a +1 helmet (worn)
 n - a +0 ring mail (worn)
Jewellery
 b - a ring of magical power (left hand)
Wands
 e - a wand of iceblast (8/15)
 i - a wand of slowing (8/48)
 l - a wand of iceblast (1/15)
Scrolls
 f - a scroll of recharging
 h - a scroll of immolation
 k - 2 scrolls of remove curse
 m - a scroll of blinking
Miscellaneous
 g - a plain deck of summoning


   Skills:
 - Level 2.0 Fighting
 + Level 9.0 Staves
 - Level 1.5 Throwing
 - Level 2.4 Dodging


You had 7 spell levels left.
You didn't know any spells.

Dungeon Overview and Level Annotations

Branches:
Dungeon (7/15)             Temple (1/1) D:4

Altars:
Ashenzari
Dithmenos
Elyvilon
Fedhas
Gozag
Kikubaaqudgha
Nemelex Xobeh
Okawaru
Pakellas
Qazlal
Ru
Sif Muna
Trog
Vehumet
Xom
Yredelemnul
The Shining One


Innate Abilities, Weirdness & Mutations

You do not eat or drink.
Your flesh is vulnerable to fire.
You are immune to poison.
Your flesh is cold resistant.
You are immune to negative energy.
You are immune to unholy pain and torment.
You can survive without breathing.


Message History

The orc wizard blinks!
The centaur shoots an arrow.
The arrow hits you.
The centaur shoots an arrow.
The arrow hits you.
* * * LOW HITPOINT WARNING * * *
The giant frog hits you.
* * * LOW HITPOINT WARNING * * *
You see here 2 arrows.
The centaur skeleton barely misses you.
The orc wizard casts a spell.
The orc wizard blinks!
The giant frog hits you but does no damage.
The centaur shoots an arrow.
The arrow hits you!
* * * LOW HITPOINT WARNING * * *
You see here an arrow.
The giant frog hits you but does no damage.
The giant frog hits you.
* * * LOW HITPOINT WARNING * * *
The giant frog closely misses you. The giant frog hits you.
You die...

#..##.#.... #.#.....#
#..##.#.... #.#..####
#..##.#...# #.#..#
#..##.#...########## #.#..#
#..##.+.(..........# #.#..#
...##.#...########.# #.#..#
##.##.#...# #!# #.#..#
...o.....#########.###(#..#
#...(.(...o.Z.cF@.........#
#.......##########.###.##.#
#.......# #.# #[# #
#.......# #.# #.# #.......#
#.# #.# #.......# #.# #..
#.......# #.# ### .........
..# ######### ###


You could see a giant frog, a centaur, an orc wizard and a centaur skeleton.

Vanquished Creatures
  A water moccasin (D:5)
  An ice beast (D:6)
  3 ogres
  A necrophage (D:4)
  A crimson imp (D:5)
  A giant frog zombie (D:3)
  A quasit (D:6)
  A jelly (D:5)
  An orc priest (D:4)
  6 hounds
  3 orc wizards (D:4)
  A giant frog skeleton (D:4)
  Terence (D:2)
  3 centaur skeletons
  2 worker ants
  A gnoll (D:6)
  9 adders
  A shadow imp (D:5)
  3 oozes
  A worm (D:3)
  5 dart slugs
  12 orcs
  2 goblins
  10 hobgoblins
  5 jackals
  8 kobolds
  5 quokkas
  6 bats
  A giant gecko skeleton (D:4)
  3 giant newts
  2 quokka skeletons (D:4)
  5 rats
106 creatures vanquished.

Vanquished Creatures (others)
  A goblin (D:2)
1 creature vanquished.

Grand Total: 107 creatures vanquished

Notes
Turn   | Place    | Note
--------------------------------------------------------------
     0 | D:1      | wvc the Mummy Gladiator began the quest for the Orb.
     0 | D:1      | Reached XP level 1. HP: 16/16 MP: 1/1
     0 | D:1      | wvc: а?
   100 | D:1      | Reached XP level 2. HP: 22/22 MP: 2/2
   117 | D:1      | Goblin1989: можно сделать чтобы тайл такой был только у мумии к примеру
   118 | D:1      | Goblin1989: : if you.race() == " Mummy " then
   118 | D:1      | Goblin1989: tile_player_tile = mons: Duvessa
   118 | D:1      | Goblin1989: : end
   118 | D:1      | wvc: я не вникал, но было бы круто назначить тайлы уников по расам
   130 | D:1      | Reached skill level 3 in Staves
   150 | D:1      | Goblin1989: сейчас
   310 | D:1      | Reached XP level 3. HP: 8/27 MP: 3/3
   539 | D:1      | Goblin1989: http://crawl.xtahua.com/crawl/rcfiles/crawl-git/ololoev.rc
  1023 | D:2      | wvc: понял, спасибо.
  1405 | D:2      | Reached skill level 4 in Staves
  1479 | D:2      | Reached XP level 4. HP: 32/33 MP: 4/4
  1520 | D:2      | Found a radiant altar of Vehumet.
  1605 | D:2      | Found a deep blue altar of Sif Muna.
  1631 | D:2      | Noticed Terence
  1635 | D:2      | Killed Terence
  1977 | D:2      | Reached XP level 5. HP: 34/38 MP: 5/5
  2366 | D:3      | Goblin1989: у меня есть подозрение что можно даже по уровням сделать тайлы. Но нужно у ололоева и дэфэ уточнять. :)
  2418 | D:3      | Found a sparkling altar of Nemelex Xobeh.
  2553 | D:3      | Reached skill level 5 in Staves
  2555 | D:3      | Found a glowing golden altar of the Shining One.
  2559 | D:3      | Noticed an angel
  2574 | D:3      | Found a basalt altar of Yredelemnul.
  2576 | D:3      | Noticed a profane servitor
  2663 | D:3      | Found a white marble altar of Elyvilon.
  3173 | D:4      | Noticed an ogre
  3180 | D:4      | Killed an ogre
  3180 | D:4      | Reached XP level 6. HP: 37/44 MP: 6/6
  3254 | D:4      | Found a bloodstained altar of Trog.
  3364 | D:4      | Found a staircase to the Ecumenical Temple.
  3389 | D:4      | Reached skill level 6 in Staves
  3442 | Temple   | Entered the Ecumenical Temple
  3451 | Temple   | Became a worshipper of Warmaster Okawaru
  3575 | D:4      | Found a shattered altar of Ashenzari.
  4387 | D:4      | Reached XP level 7. HP: 50/50 MP: 7/7
  4391 | D:4      | Reached skill level 7 in Staves
  4698 | D:4      | Reached * piety under Okawaru
  4933 | D:5      | Entered Level 5 of the Dungeon
  5029 | D:5      | Reached skill level 8 in Staves
  5281 | D:5      | Reached XP level 8. HP: 53/56 MP: 8/8
  5724 | D:6      | Found a shadowy altar of Dithmenos.
  5776 | D:7      | HP: 2/56 [killer bee (3)]
  6261 | D:7      | Reached skill level 9 in Staves
  6282 | D:7      | Slain by a giant frog

Vault maps used:
D:1:      shiori_arrival_maze, st_stairs_4
D:2:      fiery_altar_vehumet, nicolae_overflow_hidden_temple,
          kennysheep_generic_room_16, uniq_terence
D:3:      grunt_temple_overflow_holy_war, nemelex_deck, elyvilon_altar_1,
          first_bread
D:4:      nicolae_overflow_crystal_walls, evilmike_ruin_ashenzari,
          temple_doors_e, roderic_roman_lattice, grunt_ministairs_3,
          kennysheep_generic_room_5
D:5:      corexii_item_surrounded_by_moat
D:6:      nicolae_dithmenos_the_darkroom, enter_ossuary_1, minmay_holes,
          minmay_misc_feat_enclosed, uniq_menkaure, uniq_prince_ribbit1,
          uniq_blork_the_orc
D:7:      zin_scriptorium, slow_altar_1
Temple:   nicolae_temple_no_exploring_needed

Skill      XL: |  1  2  3  4  5  6  7  8 |
---------------+-------------------------+-----
Staves         | 3 4 5 6 8 9 |  9.0
Fighting       | |  2.0
Throwing       | |  1.5
Dodging        | |  2.4

Action                   |  1- 3 |  4- 6 |  7- 9 || total
-------------------------+-------+-------+-------++-------
Melee: Quarterstaff      |   130 |   195 |   140 ||   465
Throw: Throwing net      |       |     3 |     1 ||     4
Invok: Heroism           |       |       |     1 ||     1
Evoke: Wand              |       |     1 |     3 ||     4
  Use: Scroll            |       |     9 |     2 ||    11
 Stab: Sleeping          |       |     2 |       ||     2
       Held in net/web   |       |     1 |       ||     1
Armor: Leather armour    |    29 |    41 |     9 ||    79
       Ring mail         |       |       |    38 ||    38
Dodge: Dodged            |   109 |   104 |    78 ||   291
